[Event "MPL-4 Indian Chess Tour 2022"]
[Site "Chess24"]
[Date "2022.09.27"]
[Round "11.5"]
[White "Iniyan, P."]
[Black "Pranav, V."]
[Result "1/2-1/2"]
[ECO "B30"]
[WhiteElo "2556"]
[BlackElo "2530"]
[Annotator "TA"]
[PlyCount "117"]
[EventDate "2022.09.29"]
[EventType "tourn (rapid)"]
[EventCountry "NET"]
[SourceTitle "playchess.com"]
[Source "ChessBase"]
[SourceQuality "1"]
[WhiteTeam "India"]
[BlackTeam "India"]
[WhiteTeamCountry "IND"]
[BlackTeamCountry "IND"]
[TimeControl "900+10"]

1. e4 c5 2. Nf3 Nc6 3. g3 d5 4. Nc3 d4 5. Nd5 {[%emt 0:00:16] [#]} e6 $146 ({Predecessor:} 5... Bg4 6. d3 e6 7. Bg5 Qxg5 8. Nc7+ Kd8 9. Nxa8 Kc8 10. Bh3 Kb8 11. Nxg5 Bxd1 12. Rxd1 {½-½ (44) Stanojevic,M-Gratschner,U freechess.de 2018}) 6. Nf4 {[%emt 0:00:02] B30: Sicilian: 2...Nc6 3 Bb5, lines without ...g6.} e5 7. Nd5 Nf6 8. c4 {[%emt 0:01:22] Black is slightly better.} dxc3 (8... Nxe4 $15 9. Qe2 Bg4) 9. Nxf6+ $11 Qxf6 10. dxc3 Bg4 11. Bg2 Qg6 (11... Rd8 $11 12. Qe2 Be7) 12. Nh4 $14 Qe6 13. f3 Bh3 14. O-O Bxg2 15. Nxg2 c4 16. Be3 Be7 17. Qd5 O-O 18. Qxe6 fxe6 19. b3 (19. Kf2 $14) 19... Rfd8 20. Rfd1 b5 21. Kf2 b4 22. cxb4 {[%emt 0:00:45] White wants to play b5.} cxb3 {[%emt 0:00:28] Threatens to win with ...Rxd1.} (22... Rxd1 {seems wilder.} 23. Rxd1 cxb3 24. b5 Nd4) 23. Rxd8+ Rxd8 24. axb3 {[%emt 0:00:00] Black must now prevent b5.} Bxb4 25. Ra6 Rc8 26. g4 ({But not} 26. Bxa7 $2 Nxa7 27. Ne3 Bc5 $19) (26. Ne1 $14) 26... Nd4 $11 27. Rxa7 Nxb3 28. Rb7 Rc4 29. Rb8+ Kf7 30. Rb7+ Kg8 31. Kg3 Nd4 32. h4 Bc5 33. Rb2 Rc3 34. h5 Nc6 (34... h6 $11) 35. Bxc5 Rxc5 $14 {[%emt 0:00:00][%mdl 4096] Endgame KRN-KRN} 36. g5 {[%emt 0:00:00] With the idea Ne3.} Nd4 (36... Rc1 $1 $11) 37. Rb8+ $16 Kf7 38. Rb7+ Kg8 {[%emt 0:00:14] [#]} (38... Kf8 $142) 39. Rb8+ (39. Ne3 $142 $1) 39... Kf7 {[%emt 0:00:01] [#]} 40. Nh4 ({White should play} 40. Ne3 $1 $16) 40... Ne2+ $11 41. Kg4 {[%emt 0:00:24] g6+ would kill now.} Nf4 {[%emt 0:00:01] Inhibits g6+.} 42. g6+ hxg6 43. hxg6+ Nxg6 {[%emt 0:00:07] Hoping for ...Nf4.} 44. Nxg6 Kxg6 {[%emt 0:00:00] KR-KR} 45. Rb6 Kf6 46. Kg3 Rc1 47. Ra6 Rg1+ 48. Kf2 Rb1 49. Kg3 Rc1 50. Rb6 Rc8 51. Ra6 Rh8 52. Rb6 g5 53. Ra6 {[%emt 0:00:04] The position is equal.} Rh4 54. Kf2 Rf4 55. Ke3 Kf7 56. Ra5 Kf6 57. Ra6 Kf7 58. Ra5 Kf6 59. Ra6 {[%emt 0:00:01] Weighted Error Value: White=0.10 (very precise) /Black=0.12 (very precise)} 1/2-1/2

[Event "MPL-4 Indian Chess Tour 2022"]
[Site "Chess24"]
[Date "2022.09.27"]
[Round "11.6"]
[White "Ganguly, Surya Shekhar"]
[Black "Karthikeyan, Murali"]
[Result "1-0"]
[ECO "B60"]
[WhiteElo "2589"]
[BlackElo "2623"]
[Annotator "TA"]
[PlyCount "63"]
[EventDate "2022.09.29"]
[EventType "tourn (rapid)"]
[EventCountry "NET"]
[SourceTitle "playchess.com"]
[Source "ChessBase"]
[SourceQuality "1"]
[WhiteTeam "India"]
[BlackTeam "India"]
[WhiteTeamCountry "IND"]
[BlackTeamCountry "IND"]
[TimeControl "900+10"]

1. e4 c5 2. Nf3 Nc6 3. Nc3 d6 4. d4 cxd4 5. Nxd4 Nf6 6. Bg5 a6 7. Nxc6 {[%emt 0:00:24] B60: Sicilian: Richter-Rauzer: Unusual Black 6th moves and 6...Bd7 without 7 Qd2.} bxc6 8. Bc4 Qa5 9. Qd2 {[%emt 0:00:47] White is slightly better.} h6 10. Bxf6 gxf6 11. O-O-O e6 {[%emt 0:01:57] [#]} 12. Kb1 $146 ({Predecessor:} 12. f4 h5 13. Kb1 Be7 14. Rhe1 Bb7 15. f5 e5 16. Re3 Rd8 17. Rd3 Qb4 18. Bb3 {½-½ (55) Hovhannisyan,R (2639)-Soumya,S (2365) Douglas 2019}) 12... Bb7 $1 13. f4 (13. Qf4 $5 ) 13... d5 {[%emt 0:01:26] [#]} 14. Nxd5 $1 Qxd2 15. Nc7+ Kd8 16. Nxa8 {[%emt 0:00:03] Really sharp!} (16. Rxd2+ $2 Kxc7 17. Rhd1 Bc8 $19) 16... Qxd1+ 17. Rxd1+ Kc8 18. Nb6+ Kc7 19. Na4 Bd6 (19... Rg8 $14) 20. g3 h5 21. Rf1 $36 {[%emt 0:01:10][%cal Oe4e5][%mdl 2048] White is more active.} h4 22. e5 fxe5 23. fxe5 Bxe5 24. Rxf7+ Kb8 25. a3 (25. Bxe6 $2 hxg3 26. Rf1 g2 $19) 25... Bc8 26. Nc5 a5 27. gxh4 {[%emt 0:00:59] White is much more active.} ({Resist} 27. Nxe6 hxg3 28. hxg3 Bxg3 $16) 27... Bd6 (27... Bxh2 $16 28. Nb3 (28. Bxe6 Bxe6 29. Nxe6 Rxh4 $16) 28... Bc7) 28. Ne4 ({Don't take} 28. Nxe6 $6 Rxh4 29. Bb3 Bxe6 30. Bxe6 Rxh2 $16) (28. Nb3 $18) 28... Bxh2 $14 29. Ng5 e5 30. Nf3 Bf4 31. Re7 Rxh4 $2 {[%emt 0:00:32][%mdl 8192] [#]} 32. Nxh4 {[%emt 0:00:03] Weighted Error Value: White=0.13 (very precise) /Black=0.31} 1-0

[Event "MPL-4 Indian Chess Tour 2022"]
[Site "Chess24"]
[Date "2022.09.27"]
[Round "11.7"]
[White "Mendonca, Leon Luke"]
[Black "Adhiban, B.."]
[Result "1/2-1/2"]
[ECO "A80"]
[WhiteElo "2558"]
[BlackElo "2603"]
[Annotator "TA"]
[PlyCount "73"]
[EventDate "2022.09.29"]
[EventType "tourn (rapid)"]
[EventCountry "NET"]
[SourceTitle "playchess.com"]
[Source "ChessBase"]
[SourceQuality "1"]
[WhiteTeam "India"]
[BlackTeam "India"]
[WhiteTeamCountry "IND"]
[BlackTeamCountry "IND"]
[TimeControl "900+10"]

1. Nf3 d6 2. d4 f5 3. Nc3 Nf6 4. Bg5 Nbd7 5. e3 h6 6. Bh4 {[%emt 0:00:05] A80: Dutch Defence: Unusual White second moves.} (6. Bxf6 $5 Nxf6 7. Bd3 $14) 6... g5 7. Bg3 Bg7 8. Bc4 Nb6 9. Bb3 e6 {[%emt 0:00:04] [#]} 10. h4 $146 ({Predecessor:} 10. Qe2 Bd7 11. O-O-O Qe7 12. h4 g4 13. Nd2 O-O-O 14. e4 Nxe4 15. Ndxe4 fxe4 16. Qxe4 Rde8 17. Rhe1 h5 18. Re2 Qf6 {½-½ (18) Wagner,T (1941)-Herbst,A (1597) Korbach 2013}) 10... g4 11. Ng1 Nh5 12. Nge2 O-O 13. Qd2 a5 {[%emt 0:00:10] [#] aiming for ...a4.} 14. a3 c5 15. Nf4 (15. dxc5 $14 Nxg3 16. Nxg3 dxc5 17. O-O-O Qxd2+ 18. Rxd2) 15... Nxg3 $15 16. fxg3 c4 17. Ba2 d5 {[%emt 0:00:25] Against e4} 18. O-O Bd7 19. Nce2 Nc8 20. Nh5 (20. b3 $15) 20... Nd6 $17 21. Nxg7 Kxg7 22. c3 Be8 23. Bb1 Bf7 (23... Ba4 $17) 24. Nf4 b5 25. Bc2 Qb6 26. Rfb1 Rfb8 27. Kh2 Ra7 28. b3 Qc7 29. bxc4 bxc4 30. Rxb8 Qxb8 31. Rb1 {[%emt 0:00:01] Inhibits Qb2.} Rb7 32. Rxb7 Qxb7 33. Qc1 {[%emt 0:00:15] Against Qb2} Kf6 34. Ne2 Kg7 35. Nf4 Kf6 36. Ne2 Kg7 37. Nf4 {[%emt 0:00:07] Weighted Error Value: White=0.12 (very precise) /Black=0.14 (very precise)} 1/2-1/2

[Event "MPL-4 Indian Chess Tour 2022"]
[Site "Chess24"]
[Date "2022.09.27"]
[Round "11.8"]
[White "Mohammad Nubairshah Shaikh"]
[Black "Narayanan.S.L"]
[Result "1-0"]
[ECO "E91"]
[WhiteElo "2461"]
[BlackElo "2657"]
[Annotator "TA"]
[PlyCount "81"]
[EventDate "2022.09.29"]
[EventType "tourn (rapid)"]
[EventCountry "NET"]
[SourceTitle "playchess.com"]
[Source "ChessBase"]
[SourceQuality "1"]
[WhiteTeam "India"]
[BlackTeam "India"]
[WhiteTeamCountry "IND"]
[BlackTeamCountry "IND"]
[TimeControl "900+10"]

1. d4 Nf6 2. c4 c5 3. d5 g6 4. Nc3 Bg7 5. e4 d6 6. Nf3 O-O 7. Be2 e6 8. O-O Re8 9. h3 Na6 10. Re1 {[%emt 0:00:11] E91: King's Indian: Classical: 6 Be2, unusual replies including 6...c5 and 6...Bg4.} Nc7 (10... exd5 $14 {is more appropriate.} 11. exd5 Bf5) 11. Bf4 (11. e5 $16 dxe5 12. d6) 11... e5 {[%emt 0:00:17] [#]} (11... b5 $11 {is superior.}) 12. Bd2 $146 {[%emt 0:00:48] White is better.} ({Predecessor:} 12. Be3 Nd7 13. Qc2 Rf8 14. Bd3 Nb6 15. a3 f5 16. exf5 gxf5 17. Bg5 Qd7 18. Nh4 {½-½ (158) Reuker,J (2399)-Fier,A (2562) Bremen 2020}) 12... Nh5 13. Rb1 f5 14. b4 (14. Nh2 $16) 14... cxb4 $11 15. Rxb4 Na6 16. Rb5 Nf6 17. exf5 gxf5 18. Ng5 Nc7 19. Rb3 b6 20. Nb5 Nxb5 21. Rxb5 h6 22. Ne6 Bxe6 23. dxe6 Rxe6 ({Black should try} 23... Qc8 $14) 24. a4 (24. Bd3 $16) 24... Kh8 $14 25. a5 bxa5 {[%emt 0:00:01] [#]} (25... d5 $1 $11 {keeps the balance.}) 26. Qc2 ({Much less strong is} 26. Bxa5 Qf8 $14) ({Don't do} 26. Rxa5 d5 $11) (26. Bd3 $1 $16 ) 26... f4 27. Bf3 ({White should play} 27. Ra1 $16) 27... Rc8 $11 28. Bb7 Rb8 (28... Rc5 $1 $11) 29. Bxa5 $16 Qe7 {[%emt 0:01:06] [#]} 30. Qf5 (30. Reb1 $1 $16 {Hoping for Bd5.} e4 31. Bc3) 30... Rf8 (30... e4 $14) 31. Bc6 $36 {[%emt 0:01:48][%mdl 3072] White has strong compensation. White is really pushing.} Nd7 32. Qc2 {[%emt 0:01:14] And now Rb7 would win. White has more active pieces.} Nc5 {[%emt 0:00:03] Against Rb7} 33. Bd5 Ref6 34. Bb4 {[%emt 0:00:25] A strong pair of Bishops.} Ne6 $2 {[%emt 0:01:04][%mdl 8192] Black cannot hold the game after this.} (34... a6 $16 {is a better chance.} 35. Rb6 Qd8 36. Bxc5 dxc5) 35. Rb7 $18 Qd8 36. Ra1 Nd4 (36... a5 {was worth a try.} 37. Bxa5 Qe8) 37. Qe4 Nf5 38. Raxa7 Rg6 39. Rf7 Nh4 {[%emt 0:00:04] [#]} (39... Qg5 $18 40. Rxf8+ Bxf8) 40. Qxg6 $3 Nxg6 41. Rxg7 {[%emt 0:00:01] Weighted Error Value: White=0.18 (very precise) /Black=0.51} 1-0

[Event "MPL-4 Indian Chess Tour 2022"]
[Site "Chess24"]
[Date "2022.09.27"]
[Round "12.1"]
[White "Raja Harshit"]
[Black "Narayanan.S.L"]
[Result "0-1"]
[ECO "B46"]
[WhiteElo "2459"]
[BlackElo "2657"]
[Annotator "TA"]
[PlyCount "54"]
[EventDate "2022.09.29"]
[EventType "tourn (rapid)"]
[EventCountry "NET"]
[SourceTitle "playchess.com"]
[Source "ChessBase"]
[SourceQuality "1"]
[WhiteTeam "India"]
[BlackTeam "India"]
[WhiteTeamCountry "IND"]
[BlackTeamCountry "IND"]
[TimeControl "900+10"]

1. e4 c5 2. Nf3 e6 3. d4 cxd4 4. Nxd4 Nc6 5. Nc3 a6 6. Nxc6 bxc6 7. Qf3 {[%emt 0:00:01] [#] B46: Sicilian: Taimanov: 5 Nc3 a6.} Ne7 $146 ({Predecessor:} 7... d5 8. Qg3 f5 9. exf5 exf5 10. Bf4 Nf6 11. Be2 Ra7 12. O-O Kf7 13. Rad1 h6 14. Be5 g5 {1-0 (53) Anand,V (2753)-Nepomniachtchi,I (2792) Zagreb 2021}) 8. Bd3 Ng6 9. O-O {[%emt 0:00:07] The position is equal.} d5 10. b3 Bd6 11. Bb2 O-O 12. Rad1 Qg5 (12... Qh4 13. g3 Ne5 14. Qe3 $11) (12... Qc7 $5 ) 13. g3 Bb7 (13... Ne5 $5 14. Qe2 Nxd3 15. cxd3 d4 $11) 14. Na4 Rad8 15. Qg2 c5 (15... Qe7 $11 {keeps the balance.}) 16. exd5 ({Don't play} 16. f4 $6 Qe7 $14) (16. e5 $1 $16 Be7 17. f4) 16... exd5 $11 17. Rde1 {[%emt 0:03:14] Strongly threatening f4.} Rde8 18. Nb6 Rxe1 19. Rxe1 Qd2 (19... c4 $5 20. Bxc4 (20. bxc4 dxc4 21. Qxb7 cxd3 $11) 20... Qd2 $14) 20. Re2 Qd1+ 21. Qf1 Qxf1+ 22. Kxf1 Rd8 23. Bxg6 (23. f4 $16) 23... hxg6 24. Be5 Kf8 25. a4 $2 {[%emt 0:00:15] [#]} (25. Na4 $11) 25... a5 (25... Bxe5 $142 $1 26. Rxe5 f6) 26. Ke1 $2 {[%emt 0:01:09][%mdl 8192] [#]} (26. Bc3 $17) 26... Bxe5 $1 $19 27. Rxe5 Rd6 {[%emt 0:00:00] Weighted Error Value: White=0.61/Black=0.22 (precise)} 0-1

[Event "MPL-4 Indian Chess Tour 2022"]
[Site "Chess24"]
[Date "2022.09.27"]
[Round "12.2"]
[White "Adhiban, B.."]
[Black "Mohammad Nubairshah Shaikh"]
[Result "1/2-1/2"]
[ECO "D10"]
[WhiteElo "2603"]
[BlackElo "2461"]
[Annotator "TA"]
[PlyCount "124"]
[EventDate "2022.09.29"]
[EventType "tourn (rapid)"]
[EventCountry "NET"]
[SourceTitle "playchess.com"]
[Source "ChessBase"]
[SourceQuality "1"]
[WhiteTeam "India"]
[BlackTeam "India"]
[WhiteTeamCountry "IND"]
[BlackTeamCountry "IND"]
[TimeControl "900+10"]

1. c4 c6 2. d4 d5 3. cxd5 cxd5 4. Bf4 Nc6 5. e3 Nf6 6. Nc3 Bf5 7. Qb3 Na5 $1 8. Qa4+ {[%emt 0:00:01] D10: Slav Defence: 3 cxd5 (without early Nf3) and 3 Nc3.} Bd7 9. Qc2 {[%emt 0:00:01] White wants to play Nb5.} e6 10. Nf3 Be7 11. h3 Rc8 12. Bd3 {[%emt 0:00:03] Prevents Ne4.} O-O 13. O-O b5 {[%emt 0:01:05] [#] Threatens to win with ...b4.} 14. a3 Qb6 15. Ne5 h6 16. Qe2 Nc4 17. Rfc1 Rfd8 {[%emt 0:00:20] [#]} 18. Rc2 $146 {[%emt 0:00:11] White is more active.} (18. Nxd7 $16 Nxd7 19. Rab1) ({Predecessor:} 18. g4 Be8 19. g5 hxg5 20. Bxg5 g6 21. Kh1 Qb7 22. Rg1 Nh5 23. Bxe7 Qxe7 24. Qxh5 Nxe5 25. Qxe5 {1-0 (30) Soto Hernandez,H (2474)-Joie,S (2412) Chess.com INT 2019}) 18... Be8 $11 19. Rac1 (19. a4 $5 ) 19... Qb7 20. Nb1 Nd7 21. Nxd7 Bxd7 22. b3 Nxa3 23. Nxa3 Bxa3 24. Rxc8 (24. Rc7 {is interesting.} Qb6 25. R1c2 Bf8 26. g4) 24... Rxc8 {[%emt 0:00:17] The position is equal.} 25. Rxc8+ Qxc8 26. Bxb5 Bxb5 27. Qxb5 {[%emt 0:00:00][%mdl 4096] Endgame KQB-KQB} a6 28. Qb6 Be7 29. Bd6 Bxd6 30. Qxd6 {[%emt 0:00:03] KQ-KQ} Qc1+ 31. Kh2 Qc2 32. Qxa6 Qxb3 33. Qc8+ Kh7 34. Qc7 Kg6 35. h4 {[%emt 0:00:02][%cal Oh4h5] [#] Hoping for h5+!} Qd1 36. f3 {[%emt 0:00:06][%cal Oh4h5] aiming for h5+!} Qe1 37. Qf4 f5 38. Qg3+ Qxg3+ 39. Kxg3 {[%emt 0:00:00] KP-KP} Kf6 40. Kf4 g5+ 41. hxg5+ hxg5+ 42. Kg3 e5 43. Kf2 exd4 44. exd4 {[%emt 0:00:01] K3P-K3P} f4 45. g3 fxg3+ 46. Kxg3 {[%emt 0:00:01] KPP-KPP} Kf5 47. Kg2 Kf4 48. Kf2 g4 49. fxg4 Kxg4 {[%emt 0:00:01] KP-KP} 50. Kg2 Kf4 51. Kf2 Ke4 52. Ke2 Kf4 (52... Kxd4 $5 53. Kd2 $8 Ke5 $11) 53. Kf2 Ke4 54. Ke2 Kxd4 {[%emt 0:00:00] KP-K} 55. Kd2 Ke4 (55... Kc4 $5 56. Kc2 $8 d4 $11) 56. Ke2 d4 (56... Kd4 $5 57. Kd2 $8 Ke5 $11) 57. Kd2 d3 58. Kd1 Kd4 59. Kd2 Kc4 60. Kd1 Kc3 (60... Kb3 $5) 61. Kc1 d2+ 62. Kd1 Kd3 {[%emt 0:00:00] Weighted Error Value: White=0.05 (flawless) /Black=0.02 (flawless)} 1/2-1/2

[Event "MPL-4 Indian Chess Tour 2022"]
[Site "Chess24"]
[Date "2022.09.27"]
[Round "12.3"]
[White "Karthikeyan, Murali"]
[Black "Mendonca, Leon Luke"]
[Result "1-0"]
[ECO "B86"]
[WhiteElo "2623"]
[BlackElo "2558"]
[Annotator "TA"]
[PlyCount "83"]
[EventDate "2022.09.29"]
[EventType "tourn (rapid)"]
[EventCountry "NET"]
[SourceTitle "playchess.com"]
[Source "ChessBase"]
[SourceQuality "1"]
[WhiteTeam "India"]
[BlackTeam "India"]
[WhiteTeamCountry "IND"]
[BlackTeamCountry "IND"]
[TimeControl "900+10"]

1. e4 c5 2. Nf3 d6 3. d4 cxd4 4. Nxd4 Nf6 5. Nc3 a6 6. Bc4 e6 7. O-O {[%emt 0:00:01] 7.Be3 is a critical line.} b5 8. Bd3 Bb7 9. Re1 {[%emt 0:00:02] B86: Sicilian Scheveningen/Najdorf: 6 Bc4, without early ...b5.} Nbd7 10. a4 b4 11. Na2 {[%emt 0:00:04] The position is equal.} a5 (11... Qb6 $5 12. Be3 Nc5 $11) 12. c3 bxc3 13. Nxc3 Be7 14. Ndb5 O-O {[%emt 0:00:04] [#]} 15. Bf4 $146 ({Predecessor:} 15. Bc2 Ne5 16. Bg5 Qb6 17. h3 Rac8 18. Bb3 Ned7 19. Rc1 Rfd8 20. Qe2 Nc5 21. Bc2 {1-0 (35) Heinzer,R (1292)-Vetter,U (1901) DESC email 2001}) 15... Nc5 16. Bc2 d5 17. e5 Nfe4 18. Qh5 (18. Qg4 $5 ) 18... g6 19. Qh6 Re8 20. Bxe4 Bf8 21. Qh3 dxe4 22. Qg3 ({But not} 22. Nd6 Bxd6 23. exd6 Nd3 $17) 22... Qb6 ({Resist} 22... Nd3 23. Nxe4 Bxe4 24. Rxe4 $16) 23. Be3 Red8 {[%emt 0:00:16] Prevents Nd6.} 24. Nd6 Rxd6 25. exd6 Bxd6 26. Qg5 {[%emt 0:00:10] Nb5 is the strong threat.} Qd8 27. Qxd8+ Rxd8 28. Rad1 {[%emt 0:00:42] Black must now prevent Bxc5.} Nd3 {[%emt 0:00:03] [#]} 29. Bg5 $1 $36 {[%emt 0:00:12][%csl LRd8,LRe4][%mdl 2048] White is really pushing.} f6 30. Bxf6 Rf8 31. Nxe4 (31. Rxe4 {is interesting.} Nxf2 32. Kxf2 Bxe4 33. Rxd6 Rxf6+ 34. Kg3) 31... Nxe1 32. Nxd6 Rxf6 $2 {[%emt 0:00:12][%mdl 8192] This move loses the game for Black.} (32... Nf3+ $1 $14 33. Kh1 (33. gxf3 Bxf3 34. Rd4 Rxf6 $11) 33... Bc6) 33. Nxb7 $14 {[%emt 0:00:02][%mdl 4096] Endgame KRN-KRN} Nc2 34. Nxa5 Rf5 35. Nc4 Rc5 36. b3 e5 (36... Kf8 $142 37. a5 Rc7) 37. a5 $18 Nd4 38. a6 {[%emt 0:00:09] [#] Hoping for a7.} Rc7 39. Nxe5 Nxb3 40. Rd8+ {[%emt 0:00:03] White mates.} Kg7 41. Rd7+ Rxd7 42. Nxd7 {[%emt 0:00:00] Weighted Error Value: White=0.05 (flawless) /Black=0.45} 1-0

[Event "MPL-4 Indian Chess Tour 2022"]
[Site "Chess24"]
[Date "2022.09.27"]
[Round "12.4"]
[White "Pranav, V."]
[Black "Ganguly, Surya Shekhar"]
[Result "1/2-1/2"]
[ECO "C55"]
[WhiteElo "2530"]
[BlackElo "2589"]
[Annotator "TA"]
[PlyCount "54"]
[EventDate "2022.09.29"]
[EventType "tourn (rapid)"]
[EventCountry "NET"]
[SourceTitle "playchess.com"]
[Source "ChessBase"]
[SourceQuality "1"]
[WhiteTeam "India"]
[BlackTeam "India"]
[WhiteTeamCountry "IND"]
[BlackTeamCountry "IND"]
[TimeControl "900+10"]

1. e4 e5 2. Nf3 Nc6 3. Bc4 Nf6 4. d3 Be7 5. O-O O-O 6. Re1 d6 7. a4 Be6 8. a5 a6 9. Nc3 {[%emt 0:00:19] C55: Two Knights: 4 d3, 4 d4 exd4 5 e5 and Max Lange Attack.} Nd4 10. Nxd4 exd4 11. Bxe6 {[%emt 0:00:01] White has an edge.} fxe6 12. Ne2 e5 {[%emt 0:00:16] [#]} 13. h3 $146 ({Predecessor:} 13. f4 c5 14. Ng3 Qd7 15. c4 exf4 16. Bxf4 g6 17. Bd2 Ng4 18. Rf1 Bh4 19. Qe2 Rxf1+ 20. Rxf1 Rf8 21. Rxf8+ Kxf8 22. b4 Kg8 {½-½ (22) Admiraal,M (2448)-Burg,T (2511) Netherlands 2017}) 13... d5 14. Ng3 dxe4 15. Nxe4 Nxe4 16. Rxe4 Bh4 17. f3 Bg3 18. Bd2 Qd6 19. Qe2 Rf5 20. Kh1 h5 21. c3 c5 22. cxd4 cxd4 {[%emt 0:00:01] The position is equal.} 23. Rc1 Rff8 24. Be1 Bf4 25. Bd2 {[%emt 0:00:02] [#] Strongly threatening Bxf4.} Bg3 26. Be1 Bf4 27. Bd2 {[%emt 0:00:02] And now Bxf4 would win.} Bg3 $1 {[%emt 0:00:01] Weighted Error Value: White=0.07 (flawless) /Black=0.03 (flawless)} 1/2-1/2

[Event "MPL-4 Indian Chess Tour 2022"]
[Site "Chess24"]
[Date "2022.09.27"]
[Round "12.5"]
[White "Puranik, Abhimanyu"]
[Black "Iniyan, P."]
[Result "0-1"]
[ECO "D02"]
[WhiteElo "2603"]
[BlackElo "2556"]
[Annotator "TA"]
[PlyCount "104"]
[EventDate "2022.09.29"]
[EventType "tourn (rapid)"]
[EventCountry "NET"]
[SourceTitle "playchess.com"]
[Source "ChessBase"]
[SourceQuality "1"]
[WhiteTeam "India"]
[BlackTeam "India"]
[WhiteTeamCountry "IND"]
[BlackTeamCountry "IND"]
[TimeControl "900+10"]

1. d4 Nf6 2. Nf3 e6 3. Bf4 d5 4. e3 c5 5. c3 Nc6 6. Bd3 Be7 7. Nbd2 Nh5 8. Be5 {[%emt 0:00:55] D02: 1 d4 d5 2 Nf3 sidelines, including 2...Nf6 3 g3 and 2...Nf6 3 Bf4.} Qb6 $5 {[%emt 0:01:05][%mdl 4] Exploring less charted territory.} (8... O-O {keeps more tension.} 9. dxc5 Bxc5 10. Nd4 g6) 9. Qc2 cxd4 10. exd4 {[%emt 0:00:21] The position is equal.} (10. cxd4 Nb4 11. Qb1 (11. Qa4+ $2 Bd7 $19) 11... Nxd3+ 12. Qxd3 f6 $17) 10... Nxe5 {[%emt 0:00:06] [#]} ({Black should try} 10... f6 $11 11. Bg3 g6) 11. Nxe5 $146 (11. dxe5 $14 g6 12. g3 (12. g4 Ng7 $11)) ({Predecessor:} 11. dxe5 Bd7 12. g3 g6 13. Nd4 Ng7 14. O-O Nf5 15. Qb3 Nxd4 16. Qxb6 axb6 17. cxd4 {1-0 (51) Young,A (2320)-Holt,C (2546) Arlington 2015}) 11... Nf4 $11 12. Bf1 f6 13. Nd3 Ng6 14. h4 Bd6 15. h5 Ne7 16. f4 {[%emt 0:02:14] Prevents e5.} Qc7 17. g3 {[%emt 0:00:11] [#]} ({Better is} 17. g4 $15) 17... Nf5 $1 $17 18. h6 g5 (18... Nxg3 19. Rg1 Nxf1 20. hxg7 $17) (18... Nxh6 19. Bh3 $15) 19. Rg1 gxf4 20. gxf4 Bxf4 (20... Ne3 $19 {has better winning chances.} 21. Qb3 Bd7) 21. Nxf4 Qxf4 22. O-O-O Bd7 {[%emt 0:00:10] Black is more active.} (22... Qxh6 $6 23. Re1 Nd6 24. Rh1 $15) 23. Re1 Nxd4 24. Qd3 {[%emt 0:00:17] [#]} (24. cxd4 $2 Rc8 25. Qxc8+ Bxc8 $19) (24. Qd1 $11 {was the only way to keep the balance.}) 24... Nc6 $1 {[%emt 0:00:41] Black continues to play with concentration.} 25. Bh3 (25. Qxd5 $17 {was worth a try.} O-O-O 26. Qf3 Qxh6 27. Rh1) 25... Ne5 $19 ({Inferior is} 25... Qxh6 26. Bxe6 O-O-O 27. Rh1 $17) 26. Qe3 Qxe3 27. Rxe3 Ke7 28. Rg7+ Kd6 29. c4 Rac8 ({Stronger than} 29... Nxc4 30. Nxc4+ dxc4 31. Re2 $11) 30. b3 b5 31. Bf1 Rc7 32. Kd1 a6 ({But not} 32... bxc4 $2 33. bxc4 Ba4+ 34. Ke1) 33. cxd5 (33. Ke1 $142) 33... exd5 {[%emt 0:00:00] Strongly threatening ...Rhc8.} 34. Reg3 $2 (34. Bh3 {is more resistant.}) 34... Rhc8 35. Bg2 Bf5 36. Ke2 (36. Rxc7 $142 Rxc7 37. Bf1) 36... Bg6 {[%emt 0:00:50] Threatens to win with ...Rc2.} 37. Bh3 Rxg7 38. Bxc8 Bh5+ 39. Kf2 Rxg3 40. Kxg3 {[%emt 0:00:00][%mdl 4096] Endgame KBN-KBN} a5 41. Kf4 Bg6 42. Bf5 Bxf5 43. Kxf5 {[%emt 0:00:00] KN-KN} Ke7 44. a4 (44. Kf4 $142 b4 45. Nb1) 44... b4 45. Kf4 Ke6 46. Ke3 Ng4+ 47. Kd4 Kd6 48. Nf1 f5 49. Ng3 Nxh6 50. Nh5 Ng4 51. Ng7 f4 {[%emt 0:00:08] ( -> ...f3)} 52. Ne8+ Kc6 {[%emt 0:00:06] Weighted Error Value: White=0.65/Black=0.29 (precise)} 0-1